 Dungeon Crawl Stone Soup version 0.25.1-8-g42b30a86e7 (webtiles) character file.

Game seed: 14406240051872850383

80416 Gabide the Severer (level 16, -11/124 HPs)
             Began as a Human Abyssal Knight on Dec 4, 2020.
             Was the Champion of Lugonu.
             Killed from afar by Nikola (21 damage)
             ... with a chain lightning
             ... on level 1 of the Shoals.
             The game lasted 01:39:32 (32824 turns).

Gabide the Severer (Human Abyssal Knight)          Turns: 32824, Time: 01:39:33

Health: -11/124    AC: 23    Str: 24    XL:     16   Next: 14%
Magic:  21/22      EV: 13    Int: 15    God:    Lugonu [******]
Gold:   1239       SH: 19    Dex: 17    Spells: 15/15 levels left

rFire    . . .     SeeInvis .   i - +3 broad axe (vorpal)
rCold    + + +     Gourm    .   s - +1 tower shield (curse)
rNeg     + . .     Faith    .   g - +5 ring mail of Xidesor {rN+}
rPois    .         Spirit   .   x - +2 helmet
rElec    .         Reflect  .   q - +2 cloak
rCorr    .         Harm     .   t - +2 pair of gloves {Str+3}
MR       +++..                  r - +0 pair of boots
Stlth    +.........             B - amulet "Burhieqo" {rC++ MR- Regen+ Int+6}
HPRegen  0.70/turn              J - ring of the Sneaky Interlopers {Fire MR++ Int-5 Dex+3}
MPRegen  0.18/turn              P - ring of Hinwud {rF- rC++ MR+ Str+4}

@: no status effects
A: no striking features
a: Depart the Abyss, Bend Space, Banish, Corrupt, Enter the Abyss, Brand Weapon
With Distortion, Renounce Religion


You were on level 1 of the Shoals.
You worshipped Lugonu.
Lugonu was exalted by your worship.
You were not hungry.

You visited 4 branches of the dungeon, and saw 24 of its levels.
You visited the Abyss 1 time.

You collected 2374 gold pieces.
You spent 1135 gold pieces at shops.

Inventory:

Hand Weapons
 i - a +3 vorpal broad axe (weapon)
Missiles
 d - a throwing net
 G - 27 poisoned darts
 O - 2 javelins (quivered)
Armour
 g - the +5 ring mail of Xidesor (worn) {rN+}
   (You found it on level 5 of the Dungeon)

   It protects you from negative energy.
 q - a +2 cloak (worn)
 r - a +0 pair of boots (worn)
 s - a cursed +1 tower shield (worn)
 t - a +2 pair of gloves of strength (worn)
 x - a +2 helmet (worn)
 M - the +5 robe of Misfortune {*Contam Harm *Corrode *Drain *Slow EV+5}
   (You found it on level 1 of the Shoals)

   It affects your evasion (+5).
   It causes magical contamination when unequipped.
   It may corrode you when you take damage.
   It causes draining when unequipped.
   It may slow you when you take damage.
   It increases damage dealt and taken.
Jewellery
 f - the amulet of the Hare {Reflect *Slow rF- Str+8 SH+5}
   (You took it off a fire giant on level 15 of the Dungeon)

   [amulet of reflection]

   It shields you and reflects attacks.
   It affects your strength (+8).
   It makes you vulnerable to fire.
   It may slow you when you take damage.
   It affects your SH (+5).
 m - an uncursed ring of poison resistance
 w - an uncursed ring of protection from fire
 B - the amulet "Burhieqo" (around neck) {rC++ MR- Regen+ Int+6}
   (You found it on level 1 of the Lair of Beasts)

   [amulet of regeneration]

   It affects your intelligence (+6).
   It greatly protects you from cold.
   It affects your resistance to hostile enchantments.
   It increases your rate of regeneration.
 C - a +4 ring of evasion
 H - an uncursed ring of resist corrosion
 J - the ring of the Sneaky Interlopers (left hand) {Fire MR++ Int-5 Dex+3}
   (You bought it in a shop on level 2 of the Orcish Mines)

   [ring of fire]

   It enhances your fire magic.
   It affects your intelligence (-5).
   It affects your dexterity (+3).
   It protects you from fire.
   It makes you vulnerable to cold.
   It affects your resistance to hostile enchantments.
 P - the ring of Hinwud (right hand) {rF- rC++ MR+ Str+4}
   (You bought it in a shop on level 2 of the Orcish Mines)

   [ring of protection from magic]

   It affects your strength (+4).
   It makes you vulnerable to fire.
   It greatly protects you from cold.
   It affects your resistance to hostile enchantments.
Wands
 a - a wand of clouds (3)
 j - a wand of digging (11)
 u - a wand of enslavement (10)
 K - a wand of flame (15)
Scrolls
 b - 5 scrolls of teleportation
 h - 2 scrolls of fear
 l - 12 scrolls of remove curse
 o - a scroll of blinking
 y - 3 scrolls of fog
 A - 2 scrolls of amnesia
 D - 3 scrolls of identify
 E - 3 scrolls of immolation
 F - 2 scrolls of magic mapping
 L - 2 scrolls of holy word
Potions
 e - 5 potions of stabbing
 k - 6 potions of curing
 p - 4 potions of flight
 v - a potion of mutation
 z - 2 potions of cancellation
 I - a potion of brilliance
 N - a potion of heal wounds
Comestibles
 c - 29 rations
 n - 4 chunks of flesh


   Skills:
 + Level 10.9 Fighting
 * Level 16.3(16.7) Axes
   Level 6.8(12.6) Polearms
 + Level 6.3 Throwing
 + Level 8.1 Armour
 + Level 7.9 Dodging
 - Level 1.7 Stealth
 * Level 10.3 Shields
 + Level 8.1 Invocations
 - Level 1.6 Evocations


You had 15 spell levels left.
You didn't know any spells.
Your spell library contained the following spells:

 Spells                   Type           Power        Failure   Level  Hunger
 Blink                    Tloc           N/A          99%         2    ###....
 Passwall                 Tmut/Erth      #.......     99%         2    ###....
 Shroud of Golubria       Chrm/Tloc      #.....       99%         2    ###....
 Swiftness                Chrm/Air       #.......     99%         2    ###....
 Gell's Gravitas          Tloc           #.........   100%        3    ####...
 Lesser Beckoning         Tloc           #.........   100%        3    ####...
 Recall                   Summ/Tloc      N/A          100%        3    ####...
 Teleport Other           Tloc           #.......     100%        3    ####...
 Ice Form                 Ice/Tmut       #.......     100%        4    #####..
 Passage of Golubria      Tloc           N/A          100%        4    #####..
 Summon Lightning Spire   Summ/Air       #.......     100%        4    #####..
 Aura of Abjuration       Summ           #.........   100%        5    ######.
 Lee's Rapid Deconstruct  Erth           #.........   100%        5    ######.
 Metabolic Englaciation   Hex/Ice        #.........   100%        5    ######.
 Silence                  Hex/Air        #.........   100%        5    ######.
 Summon Demon             Summ           #.........   100%        5    ######.
 Summon Forest            Summ/Tloc      #.........   100%        5    ######.
 Summon Mana Viper        Hex/Summ       #.......     100%        5    ######.
 Conjure Ball Lightning   Conj/Air       #.........   100%        6    #######
 Darkness                 Hex            #.........   100%        6    #######
 Freezing Cloud           Conj/Ice/Air   #.........   100%        6    #######
 Invisibility             Hex            #.......     100%        6    #######
 Ozocubu's Refrigeration  Ice            #.........   100%        6    #######
 Shadow Creatures         Summ           N/A          100%        6    #######
 Simulacrum               Ice/Necr       #.........   100%        6    #######
 Tornado                  Air            #.........   100%        9    #######


Dungeon Overview and Level Annotations

Branches:
Dungeon (15/15)            Temple (0/1) D:5            Lair (6/6) D:9
 Shoals (1/4) Lair:2       Spider (0/4) Lair:4        Slime (0/5) Lair:5
    Orc (2/2) D:12            Elf (0/3) Orc:2        Vaults (0/5) D:13
 Depths (0/5) D:15

Altars:
Cheibriados
Elyvilon
Makhleb
Nemelex Xobeh
Sif Muna
Vehumet
Xom
Beogh

Shops:
D:6 !!%[   D:7 =   D:12 [   Orc:1 (   Orc:2 =:*(

Annotations:
D:12 corrupted
Lair:1 corrupted
Shoals:1 exclusion: orange crystal statue, Nikola


Message History

You hear a shout!
You hear an angry hiss.
You hear a shout!
You hear an angry hiss.
You hear a shout! x6; You hear a bleat!
Space bends around you!
You blink.
Okay, then.
You feel much better.
Throwing (i - inventory. (/) - cycle)
O - 3 javelins (quivered)
Press: ? - help, Shift-Dir - straight line, f/p - Nikola
Aim: Nikola, wielding a +0 rapier of electrocution, wearing a +1 cloak and wearing a +0 pair of gloves (heavily wounded)
You throw a javelin. The javelin pierces through Nikola.
Nikola is heavily wounded.
Nikola casts a spell.
You hear a mighty clap of thunder!
The lightning arc hits you!!
* * * LOW HITPOINT WARNING * * *
The lightning arc hits Nikola.
The lightning arc hits you!
* * * LOW HITPOINT WARNING * * *
The lightning arc hits Nikola!
The lightning arc hits you!
* * * LOW HITPOINT WARNING * * *
The lightning arc hits Nikola.
The lightning arc hits you!!
You die...

#.(.(. ≈.^.. #....# .....#
....## #.... ##....## .#
#....##...>..## ..≈
#.......≈≈.(.###..≈ ≈.
#.......@≈≈≈.....≈≈ ≈≈≈≈.
#.......?.....≈≈≈≈ ≈≈≈≈..
##.@.......≈≈≈≈≈. ≈≈≈≈≈≈.##
##....##..≈≈≈≈≈.
≈≈≈≈≈≈≈≈.######....##..≈≈≈≈≈≈
≈≈≈≈≈≈≈≈≈.................≈≈≈≈
≈≈≈≈≈≈≈≈...............≈..≈.≈≈
≈≈≈≈≈≈≈≈.............≈......≈≈
≈≈≈≈≈≈≈≈.........P##........≈P
≈≈≈≈≈≈≈≈≈..)....P.###...##....
≈≈≈≈≈≈≈≈≈.....PP.P# #..## ....


You could see Nikola.

Vanquished Creatures
  Kirke (Lair:5)
  A fire giant (D:15)
  The ghost of Alannah the Cleaver, a journeyman HOFi of Beogh (Orc:2)
  Snorg (Lair:4)
  3 catoblepae (Lair:6)
  9 hydras
  9 two-headed ogres
  A death knight (D:14)
  A tengu warrior (D:12)
  5 orc high priests (Orc:2)
  7 death yaks (Lair:6)
  A fire crab (shapeshifter) (D:14)
  A sea snake (Shoals:1)
  A wizard (D:13)
  2 unseen horrors
  An orc knight (Orc:2)
  An orc sorcerer (Orc:1)
  Pikel (D:5)
  A salamander (shapeshifter) (D:15)
  2 ugly things
  2 deep elf magi
  8 manticores
  6 elephants (Lair:4)
  A centaur zombie (D:12)
  4 black mambas
  A molten gargoyle (D:15)
  Maggie (D:6)
  3 gargoyles
  15 spiny frogs
  4 rime drakes
  A kobold demonologist (D:14)
  6 komodo dragons
  2 tengu conjurers (D:13)
  7 trolls
  A merfolk (Shoals:1)
  Prince Ribbit (D:8)
  7 blink frogs
  4 slime creatures (D:14)
  6 dream sheep (Lair:6)
  9 hippogriffs
  3 water elementals
  A wraith (D:14)
  A redback (Lair:4)
  3 wyverns
  A spriggan (Lair:4)
  2 vampires
  42 yaks
  A hog (Lair:5)
  3 basilisks
  A hungry ghost (D:13)
  4 vampire mosquitoes (D:12)
  4 wargs (Orc:2)
  10 water moccasins
  A sky beast (D:8)
  10 porcupines
  19 orc warriors
  An ice beast (D:9)
  2 slaves (D:5)
  12 ogres
  A black bear (Lair:2)
  8 wolves
  11 centaurs
  9 crocodiles
  3 big kobolds
  A gnoll sergeant (D:10)
  16 bullfrogs
  8 scorpions
  2 water moccasin skeletons
  23 killer bees
  4 electric eels
  11 wights
  4 howler monkeys
  9 crimson imps
  2 jellies
  2 quasits
  39 orc priests
  6 centaur skeletons
  9 hounds
  3 bullfrog skeletons (D:12)
  28 orc wizards
  4 iguanas
  Natasha (thrice) (D:2)
  7 worker ants
  7 hell rats (Lair:4)
  A hound zombie (D:6)
  A howler monkey zombie (D:8)
  14 adders
  10 gnolls
  5 shadow imps
  4 oozes
  3 adder skeletons
  2 adder zombies
  3 worms
  3 dart slugs
  5 leopard geckos
  100 orcs
  2 ball pythons
  4 giant cockroaches
  8 goblins
  5 hobgoblins
  7 jackals
  3 quokkas
  10 bats
  3 frilled lizards
  A jackal zombie (D:6)
  17 kobolds
  A leopard gecko zombie (D:5)
  A quokka skeleton (D:8)
  11 rats
  A bush (Lair:4)
  4 fungi
  2 plants (Lair:4)
711 creatures vanquished.

Vanquished Creatures (others)
  A stone giant (D:12)
  The ghost of Gabide the Cruncher, a journeyman HuAK of Lugonu (Lair:1)
  A vampire knight (D:12)
  The ghost of DearestLeader the Frost Mage, a journeyman MfIE of Vehumet (Lair:1)
  The ghost of generaletaddeo the Covert, a journeyman OpWz of Dithmenos (Lair:1)
  A two-headed ogre (D:12)
  2 cyclopes (D:12)
  The ghost of wty the Zephyrmancer, a novice FeAE of Sif Muna (Lair:1)
  A queen bee (D:12)
  3 meliai (D:12)
  A slime creature (D:12)
  A vampire (D:13)
  A shadow (D:12)
  A yak (Lair:6)
  2 wargs (Orc:2)
  A vampire mosquito (D:12)
  A bullfrog (D:12)
  18 killer bees (D:12)
  A crimson imp (D:12)
  An adder (D:6)
  A kobold (D:12)
  A bush (Lair:4)
  A fungus (Lair:4)
  11 plants
  5 starspawn tentacles (D:12)
  A withered plant (Lair:1)
61 creatures vanquished.

Grand Total: 772 creatures vanquished

Notes
Turn   | Place    | Note
-------+----------+-------------------------------------------
     0 | Abyss:1  | Gabide the Human Abyssal Knight began the quest for the
                  | Orb.
     0 | Abyss:1  | Reached XP level 1. HP: 18/18 MP: 2/2
    30 | Abyss:1  | Noticed a sun demon
   155 | Abyss:1  | Noticed a great orb of eyes
   156 | D:1      | Escaped the Abyss
   219 | D:1      | Reached XP level 2. HP: 24/24 MP: 3/3
   240 | D:1      | Reached * piety under Lugonu
   547 | D:1      | Reached XP level 3. HP: 24/29 MP: 4/4
  1218 | D:2      | Reached XP level 4. HP: 37/37 MP: 5/5
  1224 | D:2      | Noticed Natasha
  1235 | D:2      | Killed Natasha
  1925 | D:2      | Reached XP level 5. HP: 38/42 MP: 6/6
  2139 | D:2      | Noticed Natasha
  2152 | D:2      | HP: 1/42 [Natasha (8)]
  2162 | D:2      | Killed Natasha
  2162 | D:2      | Reached ** piety under Lugonu
  2377 | D:2      | Noticed Natasha
  2391 | D:2      | Killed Natasha
  2622 | D:3      | Reached XP level 6. HP: 40/48 MP: 8/8
  4055 | D:4      | Reached XP level 7. HP: 34/54 MP: 9/9
  4058 | D:4      | Reached skill level 5 in Polearms
  4156 | D:5      | Entered Level 5 of the Dungeon
  4776 | D:5      | Noticed Pikel
  4844 | D:5      | Found a staircase to the Ecumenical Temple.
  4905 | D:5      | Got a crude ring mail
  4989 | D:5      | Killed Pikel
  4989 | D:5      | Reached skill level 1 in Throwing
  4989 | D:5      | Reached skill level 1 in Stealth
  4989 | D:5      | Reached skill level 1 in Evocations
  4989 | D:5      | Reached XP level 8. HP: 32/61 MP: 9/11
  5008 | D:5      | Identified the +5 ring mail of Xidesor {rN+} (You found it
                  | on level 5 of the Dungeon)
  5444 | D:5      | Reached *** piety under Lugonu
  5797 | D:6      | Found Mer Uttojo's Distillery.
  5924 | D:6      | Found Siumniko's Armour Shoppe.
  5974 | D:6      | Reached skill level 5 in Invocations
  5987 | D:6      | Noticed Maggie
  6017 | D:6      | Killed Maggie
  6017 | D:6      | Reached XP level 9. HP: 67/67 MP: 10/13
  6172 | D:6      | Reached skill level 5 in Fighting
  6275 | D:6      | Found Jegiub Ziuc's Distillery.
  6311 | D:6      | Reached skill level 5 in Armour
  6386 | D:6      | Reached skill level 1 in Axes
  6562 | D:6      | Found Deb Reudd's Food Shop.
  6695 | D:7      | Reached skill level 2 in Axes
  6994 | D:7      | Noticed a hippogriff
  7001 | D:7      | Killed a hippogriff
  7001 | D:7      | Reached skill level 3 in Axes
  7146 | D:7      | Reached skill level 4 in Axes
  7224 | D:7      | Found Weupet's Jewellery Shop.
  8143 | D:8      | Found a burning altar of Makhleb.
  8144 | D:8      | Found a shimmering altar of Xom.
  8198 | D:8      | Found a snail-covered altar of Cheibriados.
  8219 | D:8      | Reached skill level 5 in Axes
  8396 | D:8      | Reached XP level 10. HP: 74/74 MP: 14/14
  8398 | D:8      | Noticed a two-headed ogre
  8406 | D:8      | Killed a two-headed ogre
  8406 | D:8      | Reached skill level 6 in Axes
  8491 | D:8      | Noticed Prince Ribbit
  8499 | D:8      | Noticed a two-headed ogre
  8782 | D:8      | Paralysed by a centaur for 7 turns
  9038 | D:8      | Reached skill level 7 in Axes
  9092 | D:8      | Reached **** piety under Lugonu
  9346 | D:8      | Killed Prince Ribbit
  9829 | D:8      | Found a burning altar of Makhleb.
  9841 | D:8      | Killed a two-headed ogre
  9841 | D:8      | Reached skill level 8 in Axes
 10454 | D:9      | Found a staircase to the Lair.
 10471 | D:9      | Reached XP level 11. HP: 68/81 MP: 16/16
 10497 | D:9      | Reached skill level 9 in Axes
 10943 | D:9      | Found a sparkling altar of Nemelex Xobeh.
 10943 | D:9      | Found a white marble altar of Elyvilon.
 10944 | D:9      | Found a radiant altar of Vehumet.
 11201 | D:9      | Found a shimmering blue altar of Sif Muna.
 11231 | D:10     | Entered Level 10 of the Dungeon
 11803 | D:10     | Paralysed by an orc wizard for 4 turns
 11845 | D:10     | Reached skill level 10 in Axes
 11885 | D:10     | Reached ***** piety under Lugonu
 13179 | D:11     | Noticed a manticore
 13188 | D:11     | Killed a manticore
 13280 | D:11     | Noticed a two-headed ogre
 13286 | D:11     | Killed a two-headed ogre
 13406 | D:11     | You fall into a shaft and drop 3 floors!
 13415 | D:14     | Reached skill level 11 in Axes
 13468 | D:14     | Noticed a death knight
 13477 | D:14     | Paralysed by a centaur for 5 turns
 13844 | D:13     | Noticed a manticore
 13849 | D:13     | Reached XP level 12. HP: 84/89 MP: 18/18
 13873 | D:13     | Reached skill level 1 in Shields
 14621 | D:13     | You fall into a shaft and drop 1 floor!
 14655 | D:14     | Killed a death knight
 15001 | D:14     | Paralysed by a centaur for 4 turns
 15669 | D:14     | Noticed a sun demon
 15680 | D:14     | Reached skill level 5 in Dodging
 15890 | D:14     | Noticed a fire crab
 15890 | D:14     | a wind drake changed into a fire crab
 15901 | D:14     | Killed a fire crab
 16203 | D:14     | Noticed a sun demon
 16514 | D:14     | Reached skill level 12 in Axes
 17801 | D:12     | Reached XP level 13. HP: 97/97 MP: 19/19
 17843 | D:12     | Found a staircase to the Orcish Mines.
 18029 | D:12     | Found Esumyrutt's Antique Armour Shop.
 18042 | D:12     | Reached skill level 5 in Throwing
 18042 | D:12     | Reached skill level 5 in Shields
 18046 | D:12     | Bought a pair of gloves for 130 gold pieces
 18046 | D:12     | Bought a pair of boots for 130 gold pieces
 18628 | D:12     | Corrupted D:12
 18628 | D:12     | Noticed a tentacled starspawn
 18628 | D:12     | Noticed a tentacled starspawn
 18629 | D:12     | Noticed a bone dragon
 18634 | D:12     | Noticed an Executioner
 18650 | D:12     | Killed a stone giant
 18660 | D:12     | Killed a vampire knight
 19029 | D:12     | Noticed a four-headed hydra
 19037 | D:12     | Killed a four-headed hydra
 19476 | D:12     | Found a roughly hewn altar of Beogh.
 20356 | D:11     | Reached skill level 13 in Axes
 21211 | D:13     | Found a gate to the Vaults.
 21630 | D:15     | Entered Level 15 of the Dungeon
 21757 | D:15     | Reached ****** piety under Lugonu
 21997 | D:15     | Found a staircase to the Depths.
 21997 | D:15     | Noticed a fire giant
 22302 | D:15     | Identified the amulet of the Hare {Reflect *Slow rF- Str+8
                  | SH+5}
 22456 | D:15     | Killed a fire giant
 22456 | D:15     | Reached XP level 14. HP: 74/106 MP: 20/20
 23902 | D:7      | Bought an uncursed ring of poison resistance for 260 gold
                  | pieces
 23999 | Lair:1   | Entered Level 1 of the Lair of Beasts
 24052 | Lair:1   | Found a runed translucent gate.
 24052 | Lair:1   | Found a runed translucent gate.
 24053 | Lair:1   | Found a runed translucent gate.
 24054 | Lair:1   | Noticed wty's ghost (novice FeAE)
 24054 | Lair:1   | Noticed Gabide's ghost (journeyman HuAK)
 24054 | Lair:1   | Noticed DearestLeader's ghost (journeyman MfIE)
 24054 | Lair:1   | Noticed generaletaddeo's ghost (journeyman OpWz)
 24961 | Lair:1   | Corrupted Lair:1
 24969 | Lair:1   | Killed wty's ghost
 24970 | Lair:1   | Killed DearestLeader's ghost
 24970 | Lair:1   | Killed generaletaddeo's ghost
 24975 | Lair:1   | Killed Gabide's ghost
 25081 | Lair:1   | Got a glittering crystal amulet
 25082 | Lair:1   | Identified the amulet "Burhieqo" {rC++ MR- Regen+ Int+6}
                  | (You found it on level 1 of the Lair of Beasts)
 25175 | Lair:2   | Reached skill level 14 in Axes
 25399 | Lair:2   | Found a staircase to the Shoals.
 26909 | Lair:4   | Found a hole to the Spider Nest.
 27375 | Lair:4   | Noticed Snorg
 27395 | Lair:4   | Killed Snorg
 27419 | Lair:4   | Reached skill level 15 in Axes
 27608 | Lair:4   | Reached XP level 15. HP: 115/115 MP: 21/21
 28013 | Lair:5   | Found a staircase to the Slime Pits.
 28258 | Lair:5   | Noticed Kirke
 28290 | Lair:5   | Killed Kirke
 28290 | Lair:5   | Reached skill level 10 in Fighting
 28636 | Lair:6   | Entered Level 6 of the Lair of Beasts
 30138 | Lair:6   | Reached skill level 10 in Shields
 30713 | Orc:1    | Entered Level 1 of the Orcish Mines
 30847 | Orc:1    | Found Omofiple's Weapon Shoppe.
 31004 | Orc:1    | Reached skill level 16 in Axes
 31283 | Orc:2    | Entered Level 2 of the Orcish Mines
 31353 | Orc:2    | Found a staircase to the Elven Halls.
 31418 | Orc:2    | Found a roughly hewn altar of Beogh.
 31466 | Orc:2    | Reached XP level 16. HP: 103/124 MP: 22/22
 31749 | Orc:2    | Found Atwasmin's Assorted Antiques.
 31767 | Orc:2    | Bought an ancient glass ring for 145 gold pieces
 31768 | Orc:2    | Identified the ring of Hinwud {rF- rC++ MR+ Str+4} (You
                  | bought it in a shop on level 2 of the Orcish Mines)
 31830 | Orc:2    | Found Kyenanu's Antique Weapon Boutique.
 31993 | Orc:2    | Found a runed translucent door.
 32016 | Orc:2    | Noticed Alannah's ghost (journeyman HOFi)
 32052 | Orc:2    | Killed Alannah's ghost
 32293 | Orc:2    | Found Wionesea's Jewellery Shoppe.
 32343 | Orc:2    | Bought the ring of the Sneaky Interlopers {Fire MR++ Int-5
                  | Dex+3} for 470 gold pieces
 32356 | Orc:2    | Found Kenkintu's Book Boutique.
 32764 | Shoals:1 | Entered Level 1 of the Shoals
 32794 | Shoals:1 | Found the +5 robe of Misfortune {*Contam Harm *Corrode
                  | *Drain *Slow EV+5}
 32808 | Shoals:1 | Noticed Nikola
 32824 | Shoals:1 | Killed from afar by Nikola

Illustrated notes

Levels and vault maps discovered:
D:1:      wander_arrival_estate, layout_basic,
          hangedman_abyss_or_decor_lesser_grid, interstate_on_off
D:2:      layout_loops_ring, uniq_natasha
D:3:      layout_basic
D:4:      layout_rooms, first_ration
D:5:      layout_rooms, minmay_temple_entry_statues_pillars,
          minmay_misc_feat_plants, serial_bayou_crossing, uniq_pikel
D:6:      layout_loops_ring, gup_sewer_entry_glass, serial_shops, shop, shop,
          nicolae_shop_stone, nicolae_shop_crystal, uniq_maggie
D:7:      layout_layer_cave, serial_shops, nicolae_shop_window_shopping,
          serial_bayou_pond_a, grunt_ogre_cave
D:8:      layout_loops_cross, grunt_temple_overflow_champion_of_chaos,
          basic_altar, cheibriados_altar_1, uniq_prince_ribbit1
D:9:      layout_rooms, gammafunk_temple_overflow_claw, lemuel_blue_sif_altar,
          lair_entry_dummy, corexii_leaking_fountain
D:10:     layout_basic, grunt_ministairs_12
D:11:     layout_irregular_city
D:12:     regret_index_combs_of_tragedy, layout_basic,
          minmay_orc_entry_temple_small, serial_shops, shop, serial_curves,
          eino_curves_02, eino_curves_04
D:13:     layout_layer_cave, david_vaults_1
D:14:     layout_roguey, serial_bayou_lagoon_a
D:15:     grunt_enter_depths_giant_problem, layout_grid_maze,
          nicolae_lava_and_water
Lair:1:   layout_cave_pods, gammafunk_ghost_cemetery,
          chequers_serial_rivers_micro_c, serial_bayou_shore_b
Lair:2:   layout_chaotic_city, elwin_shoals_entry_rocks
Lair:3:   layout_big_grid, grunt_megastairs_1
Lair:4:   layout_long_grid, spider_nest_entry_a,
          grunt_forest_large_clearing_hut, uniq_snorg
Lair:5:   layout_small_grid, dpeg_slime_entry_corner, uniq_kirke
Lair:6:   evilmike_catoblepas_cave, layout_regular_city,
          chequers_serial_rivers_marsh, minmay_lair_drake_nest
Shoals:1: layout_shoals, dpeg_stationary_puzzle, uniq_nikola
Orc:1:    layout_caves, serial_shops, shop
Orc:2:    st_orc_town, layout_caves, ebering_ghost_inner_flame

Skill      XL: |  1  2  3  4  5  6  7  8  9 10 11 12 13 14 15 |
---------------+----------------------------------------------+-----
Polearms       | 3 4 5 6 |  6.8
Invocations    | 3 4 5 6 8 |  8.1
Fighting       | 4 5 6 7 8 9 10 | 10.9
Armour         | 3 4 5 6 7 8 |  8.1
Throwing       | 1 2 3 4 5 6 |  6.3
Dodging        | 2 3 4 5 6 7 |  7.9
Stealth        | 1 |  1.7
Evocations     | 1 |  1.6
Axes           | 5 8 11 12 13 15 16 | 16.3
Shields        | 4 8 9 10 | 10.3

Action                   |  1- 3 |  4- 6 |  7- 9 | 10-12 | 13-15 | 16-18 || total
-------------------------+-------+-------+-------+-------+-------+-------++-------
Melee: Spear             |   124 |   285 |   255 |       |       |       ||   664
       Broad axe         |       |       |   108 |   632 |  1132 |   135 ||  2007
       Unarmed           |       |       |       |       |    26 |       ||    26
Throw: Dart              |       |       |    16 |   144 |    66 |       ||   226
       Throwing net      |       |       |       |       |    10 |       ||    10
       Javelin           |       |       |       |       |    75 |     7 ||    82
Invok: Depart the Abyss  |     1 |       |       |       |       |       ||     1
       Bend Space        |       |       |     6 |     9 |     3 |     1 ||    19
       Corrupt           |       |       |       |       |     2 |       ||     2
Evoke: Wand              |       |       |    10 |    13 |    16 |       ||    39
  Use: Scroll            |     3 |    12 |     9 |    11 |    15 |       ||    50
       Potion            |       |     2 |     6 |    15 |     5 |     1 ||    29
 Stab: Invisible         |       |       |     1 |       |    19 |       ||    20
       Paralysed         |       |       |       |     9 |       |       ||     9
       Confused          |       |       |       |     3 |     4 |       ||     7
       Held in net/web   |       |       |       |       |     5 |       ||     5
       Sleeping          |       |       |       |       |     2 |       ||     2
  Eat: Chunk             |     1 |     5 |     9 |    15 |    21 |     5 ||    56
       Ration            |       |     1 |     2 |     6 |     7 |     1 ||    17
Armor: Leather armour    |    34 |     8 |       |       |       |       ||    42
       Ring mail         |       |    68 |   141 |   345 |   376 |    22 ||   952
       Skin              |       |       |     1 |       |       |       ||     1
Dodge: Dodged            |    62 |   109 |   179 |   373 |   575 |    24 ||  1322
Block: Tower shield      |       |       |       |   139 |  1080 |    99 ||  1318
